 Dungeon Crawl Stone Soup version 0.20.0-10-g0535bb4 (webtiles) character file.

621339 Peloso the Minotaur Barricade (level 27, -9/268 HPs)
             Began as a Minotaur Fighter on June 6, 2017.
             Was the Champion of Okawaru.
             Mangled by an acid blob (30 damage)
             ... while paralysed by a floating eye
             ... on level 4 of the Pits of Slime.
             The game lasted 04:09:26 (77748 turns).

Peloso the Minotaur Barricade (Minotaur Fighter)   Turns: 77748, Time: 04:09:26

Health: -9/268     AC: 13    Str: 40    XL:     27
Magic:  15/22      EV:  2    Int:  8    God:    Okawaru [******]
Gold:   4973       SH:  0    Dex: 25    Spells: 28/28 levels left

rFire    . . .     SeeInvis +   B - +9 double sword "Killer Klown's Death" {protect, rPois Str+2 Dex+6}
rCold    . . .     Gourm    .   y - +3 warlock's mirror {reflect}
rNeg     . . .     Faith    +   I - +6 faerie dragon scales {+Fly rC- MR+ rCorr}
rPois    +         Spirit   .   x - +1 hat {SInv}
rElec    .         Reflect  +   i - +1 cloak of Death's Door {rF- Str+4 Dex+3}
rCorr    +         Harm     .   H - +2 pair of gloves {Dex+3}
MR       ++++.     Rnd*Rage +   A - +2 pair of boots {run}
Stlth    +++.......             S - amulet of the Pure Blessings {Faith +Inv Str+5}
Regen    0.6/turn               T - ring "Gishi" {Wiz rF+ Int+3}
MPRegen  0.2/turn               b - ring of protection from cold

@: paralysed, corroded, protection aura, quick
A: retaliatory headbutt, horns 2, berserk 1, deformed body, deterioration 1, low
mp 1, magic resistance 1, weak 1, MP-powered wands
}: 3/15 runes: decaying, silver, gossamer
a: Heroism, Finesse, Renounce Religion, Evoke Invisibility, Evoke Flight


You were on level 4 of the Pits of Slime.
You worshipped Okawaru.
Okawaru was exalted by your worship.
You were very hungry.

You visited 10 branches of the dungeon, and saw 48 of its levels.
You also visited: Labyrinth, Sewer, Bailey, Ice Cave and Volcano.

You collected 6485 gold pieces.
You spent 1512 gold pieces at shops.

Inventory:

Hand Weapons
 k - the +9 long sword "Pyumm" {flame, rF+ SInv}
   (Okawaru gifted it to you on level 4 of the Vaults)

   It has been specially enchanted to burn those struck by it, causing extra
   injury to most foes and up to half again as much damage against particularly
   susceptible opponents.
   Big, fiery blades are also staple armaments of hydra-hunters.
   It protects you from fire.
   It lets you see invisible.
 B - the +9 double sword "Killer Klown's Death" (weapon) {protect, rPois Str+2 Dex+6}
   (Okawaru gifted it to you on level 4 of the Vaults)

   It protects the one who uses it against injury (+AC on strike).
   It affects your strength (+2).
   It affects your dexterity (+6).
   It protects you from poison.
Armour
 a - the +8 plate armour of the Dwarven Hall {+Inv rElec MR++ Dex-2}
   (Okawaru gifted it to you on level 4 of the Vaults)

   It affects your dexterity (-2).
   It insulates you from electricity.
   It affects your resistance to hostile enchantments.
   It lets you turn invisible.
 i - the +1 cloak of Death's Door (worn) {rF- Str+4 Dex+3}
   (Okawaru gifted it to you on level 13 of the Dungeon)

   It affects your strength (+4).
   It affects your dexterity (+3).
   It makes you vulnerable to fire.
 x - a +1 hat of see invisible (worn)
 y - the +3 warlock's mirror (worn) {reflect}
   (You acquired it on level 11 of the Dungeon)
 A - a +2 pair of boots of running (worn)
 H - a +2 pair of gloves of dexterity (worn)
 I - the +6 faerie dragon scales (worn) {+Fly rC- MR+ rCorr}
   (You took it off the Enchantress on level 3 of the Depths)

   It makes you vulnerable to cold.
   It affects your resistance to hostile enchantments.
   It lets you fly.
   It protects you from acid and corrosion.
 W - a +2 shield of protection
 Y - a +1 crystal plate armour
Jewellery
 b - a ring of protection from cold (right hand)
 o - an uncursed ring of protection from magic
 J - a +5 ring of strength
 S - the amulet of the Pure Blessings (around neck) {Faith +Inv Str+5}
   (You bought it in a shop on level 2 of the Orcish Mines)

   [amulet of faith]

   It allows you to gain divine favour quickly.
   It affects your strength (+5).
   It lets you turn invisible.
 T - the ring "Gishi" (left hand) {Wiz rF+ Int+3}
   (You took it off a deep elf high priest on level 5 of the Vaults)

   [ring of wizardry]

   It improves your spell success rate.
   It affects your intelligence (+3).
   It protects you from fire.
Wands
 g - a wand of digging (13/24)
 K - a wand of flame (26/48)
Scrolls
 c - 2 scrolls of summoning
 n - 12 scrolls of blinking
 p - 8 scrolls of teleportation
 r - 5 scrolls of recharging
 u - 12 scrolls of remove curse
 z - 9 scrolls of magic mapping
 L - 11 scrolls of identify
 X - a scroll of fear
Potions
 d - 14 potions of might
 l - a potion of heal wounds
 m - 3 potions of resistance
 q - 5 potions of curing
 v - 8 potions of haste
 w - 3 potions of berserk rage
 E - 2 potions of invisibility
 F - 4 potions of agility
 N - 13 potions of flight
Comestibles
 f - 34 bread rations
 t - 7 royal jellies
 D - 22 meat rations


   Skills:
 + Level 25.6 Fighting
 + Level 25.3 Long Blades
 + Level 1.7 Throwing
 + Level 21.5 Armour
 + Level 11.8 Dodging
 + Level 5.5 Stealth
 O Level 27 Shields
 + Level 1.9 Unarmed Combat
 + Level 1.1 Spellcasting
 + Level 3.5 Invocations
 + Level 2.0 Evocations


You had 28 spell levels left.
You didn't know any spells.

Dungeon Overview and Level Annotations

Branches:
Dungeon (15/15)            Temple (1/1) D:5            Lair (6/6) D:8
  Swamp (4/4) Lair:3       Spider (4/4) Lair:4        Slime (5/5) Lair:6
    Orc (2/2) D:11            Elf (3/3) Orc:2        Vaults (5/5) D:13
  Crypt (0/3) Vaults:3     Depths (3/5) D:15

Altars:
Ashenzari
Cheibriados
Dithmenos
Elyvilon
Fedhas
Gozag
Hepliaklqana
Kikubaaqudgha
Makhleb
Nemelex Xobeh
Okawaru
Qazlal
Ru
Sif Muna
Trog
Uskayaw
Vehumet
Xom
Yredelemnul
Zin
The Shining One
Jiyva

Shops:
D:4 %   Orc:2 ([(=[   Elf:2 %   Vaults:3 !   Vaults:4 [   Vaults:5 :}}(
Depths:1 }

Portals:
Hell: Depths:1 Depths:2 Depths:3
Abyss: Depths:1
Ziggurat: Depths:1

Annotations:
Lair:2 exclusion: oklob plant


Innate Abilities, Weirdness & Mutations

You reflexively headbutt those who attack you in melee.
You have a pair of horns on your head.
You tend to lose your temper in combat.
Armour fits poorly on your strangely shaped body.
Your body sometimes deteriorates upon taking damage.
Your magical capacity is low. (-10% MP)
You are resistant to hostile enchantments. (MR+)
You are weak. (Str -2)
You expend magic power (3 MP) to strengthen your wands.


Message History

The acid blob spits acid at you. The splash of acid hits you! You resist.
* * * LOW HITPOINT WARNING * * *
You are splashed with acid!
The acid burns!
You resist.
* * * LOW HITPOINT WARNING * * *
The acid blob misses you. You block the slime creature's attack.
The floating eye gazes piercingly through you!
You suddenly lose the ability to move!
The acid blob spits acid at you. The splash of acid hits you! You resist.
* * * LOW HITPOINT WARNING * * *
You are splashed with acid!
The acid burns!
You resist.
* * * LOW HITPOINT WARNING * * *
The azure jelly completely misses you. The azure jelly hits you.
* * * LOW HITPOINT WARNING * * *
The azure jelly freezes you!!
* * * LOW HITPOINT WARNING * * *
The azure jelly hits you but does no damage. x2
The acid blob hits you!!
You die...

.................
.................
................J
................
................
.##............
#.............
####.#..J.>........
#......@J..........
......JJJ..........
...................
...................
...................
...........G.......
..............G...
................


You could see 3 acid blobs, an azure jelly, a slime creature, an eye of
devastation and a floating eye.

Vanquished Creatures
  Mara (D:15)
  2 ancient liches (Vaults:5)
  4 caustic shrikes (Depths:2)
  the Lernaean hydra (Swamp:4)
  A golden dragon (Vaults:4)
  the Enchantress (Depths:3)
  Nikola (Swamp:2)
  Arachne (Spider:4)
  Jorgrun (Elf:2)
  A lich (Vaults:4)
  4 deep elf blademasters (Elf:3)
  Asterion (Elf:1)
  2 titans (Vaults:5)
  4 deep elf master archers (Elf:3)
  2 quicksilver dragons (Vaults:4)
  A sphinx (shapeshifter) (Depths:2)
  A thorn hunter (Swamp:3)
  16 acid blobs
  3 sphinxes
  Agnes (Elf:1)
  8 tengu reavers
  5 shadow dragons
  3 storm dragons
  5 fire giants
  12 azure jellies
  Louise (Elf:1)
  7 ghost moths (Spider:4)
  20 vault wardens
  5 deep elf sorcerers
  An orc warlord (Bailey)
  5 frost giants
  9 deep elf elementalists
  4 emperor scorpions
  Aizul (Elf:2)
  2 war gargoyles
  14 ironheart preservers
  7 very ugly things
  5 spriggan defenders (Depths:3)
  2 entropy weavers
  18 stone giants
  4 deep elf demonologists
  4 vampire knights (Depths:2)
  A white draconian (shapeshifter) (Depths:3)
  6 dire elephants (Lair:6)
  Nessos (D:15)
  9 deep elf annihilators
  Azrael (Elf:2)
  18 spark wasps
  2 death oozes
  6 deep elf death magi
  4 ettins
  5 deep elf high priests
  8 fire dragons
  5 great orbs of eyes
  A minotaur (Lab)
  18 yaktaur captains
  9 ice dragons
  7 rakshasas
  2 ghost crabs (Swamp:4)
  15 hydras
  5 spriggan air magi (Depths:3)
  33 vault guards
  Erica (Lair:1)
  A death knight (Vaults:5)
  12 centaur warriors
  3 anacondas
  5 tengu warriors
  12 deep troll earth magi
  6 death yaks (Lair:6)
  15 alligators
  20 ogre magi
  72 two-headed ogres
  A vampire mage (Depths:2)
  12 deep troll shamans
  33 dancing weapons
  A shock serpent (shapeshifter) (Depths:2)
  A hell hog (Volcano)
  Sonja (D:12)
  3 orc high priests (Orc:2)
  A spriggan berserker (Depths:2)
  11 hell knights
  21 deep elf knights
  A shadow wraith (Vaults:4)
  A fire crab (Volcano)
  A skeletal warrior (D:13)
  A storm dragon skeleton (Vaults:5)
  2 glowing orange brains
  An unseen horror (Vaults:1)
  40 deep trolls
  14 swamp dragons
  2 flayed ghosts (Vaults:5)
  8 spriggan druids
  3 shambling mangroves
  10 ironbrand convokers
  23 orc knights
  14 deep elf archers
  2 phantasmal warriors
  A lindwurm (shapeshifter) (Vaults:1)
  7 necromancers
  3 wizards
  21 orb spiders
  68 deep elf magi
  16 wolf spiders
  2 wolf spider zombies (D:15)
  2 oklob plants (Lair:6)
  3 manticores
  A salamander (shapeshifter) (D:15)
  8 orc sorcerers
  4 cyclopes
  A stone giant zombie (Vaults:4)
  2 worldbinders (Elf:2)
  4 shining eyes
  3 moths of wrath
  A moth of wrath (shapeshifter) (Vaults:5)
  73 ugly things
  9 elephants
  2 ice statues (IceCv)
  3 black mambas
  A fire giant skeleton (Vaults:4)
  A torpor snail (shapeshifter) (Vaults:5)
  An eye of devastation (Slime:4)
  A guardian serpent (shapeshifter) (Depths:2)
  4 molten gargoyles
  4 torpor snails
  18 spiny frogs
  26 vault sentinels
  2 titan simulacra (Vaults:5)
  2 human skeletons (Vaults:5)
  3 human zombies
  13 demonic crawlers
  77 yaktaurs
  9 freezing wraiths
  A yaktaur zombie (Vaults:4)
  2 kobold demonologists (D:13)
  A rime drake (Lair:2)
  A rime drake (shapeshifter) (Vaults:1)
  13 ice devils
  12 komodo dragons
  6 tengu conjurers
  An efreet (D:15)
  A wind drake (shapeshifter) (Vaults:3)
  3 meliai (D:13)
  6 trolls
  A merfolk (D:10)
  7 tyrant leeches
  38 jumping spiders
  10 polar bears
  39 hornets
  Grinder (D:3)
  A slime creature (shapeshifter) (Depths:2)
  A tengu simulacrum (Vaults:5)
  11 blink frogs
  Prince Ribbit (D:6)
  87 slime creatures
  5 bog bodies
  A blink frog (shapeshifter) (Depths:1)
  7 hippogriffs
  A redback (shapeshifter) (Vaults:4)
  44 tarantellas
  A centaur simulacrum (D:15)
  A water elemental (Elf:1)
  2 wyverns
  114 redbacks
  42 spriggans
  6 air elementals
  2 shadows
  A tarantella (shapeshifter) (Vaults:1)
  2 wraiths
  6 fire bats (Volcano)
  7 basilisks
  2 ettin skeletons
  24 vampire mosquitoes
  15 golden eyes
  A steam dragon (D:7)
  10 fire elementals
  Grum (D:8)
  44 yaks
  Menkaure (D:5)
  15 swamp worms
  7 wargs
  25 insubstantial wisps
  A deep troll zombie (Vaults:5)
  2 soldier ants (D:13)
  5 hell hounds
  2 acid dragons
  12 water moccasins
  9 swamp drakes
  A floating eye (Slime:4)
  12 porcupines
  A meliai simulacrum (D:14)
  5 sky beasts
  3 black bears (Lair:1)
  4 eyes of draining
  50 orc warriors
  A black bear (shapeshifter) (Vaults:1)
  3 necrophages
  8 ice beasts
  2 phantoms
  48 ogres
  8 wolves
  16 boggarts
  The ghost of McKennaii the Shield-Bearer, an amateur DsFi (D:4)
  19 centaurs
  19 crocodiles
  8 big kobolds
  A big kobold (shapeshifter) (Depths:2)
  18 bullfrogs
  An earth elemental (Elf:1)
  2 glowing shapeshifter simulacra (Vaults:1)
  2 scorpions
  12 killer bees
  3 howler monkeys (D:11)
  16 wights
  2 electric eels (Spider:1)
  10 lava snakes
  7 crimson imps
  4 centaur zombies
  3 bullfrog zombies
  13 orc priests
  6 centaur skeletons
  8 hounds
  Crazy Yiuf (D:4)
  5 bullfrog skeletons
  7 jellies
  24 orc wizards
  A gnoll shaman (D:4)
  6 iguanas
  12 worker ants
  A hound zombie (D:7)
  3 hound skeletons
  7 mummies (D:7)
  2 worker ant zombies
  Robin (D:3)
  19 adders
  14 gnolls
  8 river rats (Sewer)
  2 shadow imps
  11 white imps
  5 ufetubi (IceCv)
  An ooze (D:2)
  2 adder zombies
  3 adder skeletons
  6 worms
  A dart slug (D:1)
  4 leopard geckos
  77 orcs
  15 ball pythons
  5 giant cockroaches
  46 goblins
  15 hobgoblins
  9 jackals
  33 kobolds
  2 quokkas (D:10)
  2 bats (D:3)
  8 frilled lizards
  2 quokka skeletons
  23 rats
  A briar patch (Swamp:3)
  7 plants
2468 creatures vanquished.

Vanquished Creatures (others)
  A deep elf master archer (Elf:3)
  An ironheart preserver (Vaults:2)
  A reaper (IceCv)
  A stone giant (Depths:1)
  2 yaktaur captains
  An alligator (Swamp:3)
  Urug (Lair:5)
  A deep elf knight (Elf:2)
  A deep elf archer (Vaults:3)
  An orc knight (Vaults:5)
  2 deep elf magi (Elf:1)
  A cyclops (D:15)
  8 yaktaurs
  A bog body (Swamp:4)
  2 yaks (Depths:3)
  A vampire mosquito (D:15)
  2 insubstantial wisps (Swamp:4)
  A warg (Vaults:4)
  2 ogres
  A wolf (Vaults:1)
  2 centaurs
  An orc priest (Orc:2)
  3 white imps (IceCv)
  2 ufetubi (IceCv)
  A quokka (D:5)
  4 bushes (Depths:3)
  20 fungi
  16 plants
81 creatures vanquished.

Grand Total: 2549 creatures vanquished

Notes
Turn   | Place    | Note
-------+----------+-------------------------------------------
     0 | D:1      | Peloso the Minotaur Fighter began the quest for the Orb.
     0 | D:1      | Reached XP level 1. HP: 19/19 MP: 0/0
   245 | D:1      | Reached XP level 2. HP: 27/27 MP: 1/1
   292 | D:1      | Reached skill level 4 in Shields
   741 | D:2      | Found a sparkling altar of Nemelex Xobeh.
   824 | D:2      | Reached XP level 3. HP: 15/33 MP: 2/2
  1119 | D:2      | Found a radiant altar of Vehumet.
  1193 | D:2      | Found a hazy altar of Hepliaklqana.
  1385 | D:3      | Reached XP level 4. HP: 40/40 MP: 3/3
  1412 | D:3      | Noticed Robin
  1414 | D:3      | Reached skill level 1 in Dodging
  1450 | D:3      | Killed Robin
  1801 | D:3      | Noticed Grinder
  1809 | D:3      | Paralysed by Grinder for 4 turns
  1821 | D:3      | Killed Grinder
  1821 | D:3      | Reached skill level 5 in Long Blades
  1821 | D:3      | Reached skill level 5 in Armour
  1821 | D:3      | Reached XP level 5. HP: 27/47 MP: 4/4
  1821 | D:3      | Reached XP level 6. HP: 30/53 MP: 5/5
  2387 | D:4      | Found a glowing drain.
  2403 | D:4      | Reached skill level 5 in Shields
  2413 | Sewer    | Entered a sewer
  2762 | Sewer    | Reached skill level 5 in Fighting
  2840 | Sewer    | Reached XP level 7. HP: 58/61 MP: 6/6
  3615 | D:4      | Found a runed door.
  3746 | D:4      | Noticed McKennaii's ghost (amateur DsFi)
  3789 | D:4      | Killed McKennaii's ghost
  3889 | D:4      | Found Edydymn's Food Boutique.
  3898 | D:4      | Reached skill level 6 in Shields
  4393 | D:4      | Noticed Crazy Yiuf
  4400 | D:4      | Killed Crazy Yiuf
  4400 | D:4      | Reached XP level 8. HP: 58/68 MP: 3/7
  4513 | D:5      | Entered Level 5 of the Dungeon
  4600 | D:5      | Found a white marble altar of Elyvilon.
  4639 | D:5      | Noticed Menkaure
  4645 | D:5      | Killed Menkaure
  4913 | D:5      | Found a staircase to the Ecumenical Temple.
  4919 | Temple   | Entered the Ecumenical Temple
  5040 | Temple   | Became a worshipper of Warmaster Okawaru
  5195 | D:5      | Reached skill level 1 in Stealth
  5210 | D:5      | Reached skill level 7 in Shields
  5770 | D:5      | Found a glowing golden altar of the Shining One.
  6356 | D:6      | Noticed Prince Ribbit
  6377 | D:6      | Killed Prince Ribbit
  6377 | D:6      | Reached * piety under Okawaru
  6377 | D:6      | Reached XP level 9. HP: 33/75 MP: 8/8
  6829 | D:7      | Found a flagged portal.
  6877 | Bailey   | Entered a bailey
  7190 | Bailey   | Reached ** piety under Okawaru
  7373 | Bailey   | Noticed an orc warlord
  7389 | Bailey   | Reached skill level 8 in Shields
  7399 | Bailey   | Killed an orc warlord
  7399 | Bailey   | Reached skill level 10 in Long Blades
  7399 | Bailey   | Reached XP level 10. HP: 44/86 MP: 7/9
  7417 | Bailey   | Reached skill level 9 in Shields
  7701 | D:7      | Reached *** piety under Okawaru
  8295 | D:8      | Found a bloodstained altar of Trog.
  8322 | D:8      | Found a burning altar of Makhleb.
  8373 | D:8      | Found a staircase to the Lair.
  8380 | D:8      | Noticed Grum
  8400 | D:8      | Killed Grum
  8543 | D:8      | Reached **** piety under Okawaru
  9463 | D:9      | Noticed a two-headed ogre
  9479 | D:9      | Killed a two-headed ogre
  9479 | D:9      | Reached skill level 10 in Shields
  9479 | D:9      | Reached XP level 11. HP: 95/95 MP: 10/10
  9660 | D:9      | Noticed a two-headed ogre
  9672 | D:9      | Killed a two-headed ogre
  9672 | D:9      | Reached skill level 10 in Armour
 10456 | D:10     | Entered Level 10 of the Dungeon
 10584 | D:10     | Reached ***** piety under Okawaru
 11317 | D:11     | Identified a scroll of acquirement
 11337 | D:11     | Found a staircase to the Orcish Mines.
 11376 | D:11     | Noticed a two-headed ogre
 11381 | D:11     | Killed a two-headed ogre
 11381 | D:11     | Received a gift from Okawaru
 11381 | D:11     | Reached skill level 11 in Shields
 12068 | Lair:1   | Entered Level 1 of the Lair of Beasts
 12079 | Lair:1   | Found a labyrinth entrance.
 12101 | Lab      | Entered a labyrinth
 12236 | Lab      | Noticed a minotaur
 12248 | Lab      | Killed a minotaur
 12248 | Lab      | Reached skill level 5 in Dodging
 12270 | Lab      | Got a warped troll leather armour
 12329 | Lair:1   | Found a dark tunnel.
 12352 | Volcano  | Entered a volcano
 12798 | Volcano  | Found a bloodstained altar of Trog.
 12798 | Volcano  | Noticed a hell hog
 12821 | Volcano  | Killed a hell hog
 12858 | Volcano  | Noticed a fire crab
 12858 | Volcano  | Reached skill level 10 in Fighting
 12865 | Volcano  | Killed a fire crab
 12865 | Volcano  | Reached XP level 12. HP: 38/106 MP: 11/11
 13268 | Lair:1   | Noticed an eight-headed hydra
 13275 | Lair:1   | Killed a four-headed hydra
 13275 | Lair:1   | Reached skill level 1 in Invocations
 13524 | Lair:1   | Noticed Erica
 13542 | Lair:1   | Killed Erica
 13542 | Lair:1   | Reached skill level 12 in Shields
 14064 | Lair:1   | Identified the +3 troll leather armour of Impatience {rElec rPois MR- Regen+ rCorr} (You found it in a labyrinth)
 14462 | Lair:2   | Received a gift from Okawaru
 14870 | Lair:2   | Reached skill level 13 in Shields
 15608 | Lair:2   | Reached ****** piety under Okawaru
 15881 | Lair:3   | Reached XP level 13. HP: 92/116 MP: 12/12
 16019 | Lair:3   | Found a hide-covered altar of Uskayaw.
 16205 | Lair:3   | Found a staircase to the Swamp.
 17093 | Lair:4   | Found a hole to the Spider Nest.
 17714 | Lair:5   | Noticed Urug
 17718 | Lair:5   | Killed Urug
 17908 | Lair:5   | Received a gift from Okawaru
 18369 | Lair:6   | Entered Level 6 of the Lair of Beasts
 18576 | Lair:6   | Reached skill level 15 in Long Blades
 18708 | Lair:6   | Reached skill level 14 in Shields
 19223 | Lair:6   | Found a viscous altar of Jiyva.
 19229 | Lair:6   | Found a staircase to the Slime Pits.
 19421 | Lair:6   | Received a gift from Okawaru
 19716 | Lair:6   | Reached XP level 14. HP: 109/127 MP: 4/13
 20863 | Lair:6   | Received a gift from Okawaru
 20875 | Lair:6   | Got a slimy triple sword {god gift}
 20882 | Lair:6   | Identified the +4 triple sword "Ytteabb" {venom, +Fly rC+ MR+} (Okawaru gifted it to you on level 6 of the Lair of Beasts)
 21409 | Lair:6   | HP: 6/129 [acid (11)]
 22670 | D:12     | Noticed Sonja
 22680 | D:12     | Killed Sonja
 23144 | D:13     | Received a gift from Okawaru
 23564 | D:13     | Reached skill level 15 in Shields
 23622 | D:13     | Found a gate to the Vaults.
 23849 | D:13     | Received a gift from Okawaru
 24177 | D:13     | Received a gift from Okawaru
 24188 | D:13     | Got a heavily runed cloak {god gift}
 24199 | D:13     | Identified the +1 cloak of Death's Door {rF- Str+4 Dex+3} (Okawaru gifted it to you on level 13 of the Dungeon)
 25103 | D:13     | Reached XP level 15. HP: 63/139 MP: 5/15
 26027 | D:15     | Entered Level 15 of the Dungeon
 26208 | D:15     | Found a staircase to the Depths.
 26240 | D:15     | Reached skill level 15 in Fighting
 26331 | D:15     | Noticed Nessos
 26346 | D:15     | Killed Nessos
 26357 | D:15     | Found a sacrificial altar of Ru.
 26637 | D:15     | Reached skill level 15 in Armour
 26650 | D:15     | Received a gift from Okawaru
 26654 | D:15     | Got a translucent scale mail {god gift}
 26922 | D:15     | Identified the +5 scale mail "Puraruma" {rF+ Dex+2} (Okawaru gifted it to you on level 15 of the Dungeon)
 27252 | Orc:1    | Entered Level 1 of the Orcish Mines
 27317 | Orc:2    | Entered Level 2 of the Orcish Mines
 27317 | Orc:2    | Found Keerigh's Antique Armour Shop.
 27338 | Orc:2    | Found a staircase to the Elven Halls.
 27400 | Orc:2    | Found a frozen archway.
 27424 | IceCv    | Entered an ice cave
 27537 | IceCv    | Reached skill level 16 in Shields
 28746 | Orc:2    | Bought an embroidered hat for 217 gold pieces
 29426 | Orc:2    | Found Teusuet's Jewellery Emporium.
 30458 | Orc:2    | Found Araodoiq's Weapon Emporium.
 30459 | Orc:2    | Found Joum Zau's Antique Weapon Boutique.
 30459 | Orc:2    | Found Ilioprec's Antique Armour Boutique.
 30486 | Orc:2    | Bought the amulet of the Pure Blessings {Faith +Inv Str+5} for 645 gold pieces
 30892 | Spider:1 | Entered Level 1 of the Spider Nest
 31153 | Spider:1 | Received a gift from Okawaru
 31194 | Spider:1 | Reached XP level 16. HP: 151/151 MP: 16/16
 32397 | Spider:1 | Got a dazzling shortbow
 32451 | Spider:1 | Reached skill level 17 in Shields
 32659 | Swamp:1  | Entered Level 1 of the Swamp
 33219 | Swamp:1  | Identified the Handbook of Sinister Enhancements
 33710 | Swamp:2  | Received a gift from Okawaru
 34476 | Spider:2 | Got a glittering turquoise ring
 34478 | Spider:2 | Identified the ring "Bacranesch" {+Fly Slay+2} (You found it on level 2 of the Spider Nest)
 34662 | Spider:2 | Got a crude double sword
 34663 | Spider:2 | Identified the +7 double sword of Insufficient Pleasure {pain, +Blink rPois Int+6 Dex-4} (You acquired it on level 2 of the Spider Nest)
 34948 | Spider:3 | Received a gift from Okawaru
 34951 | Spider:3 | Got a crude scarf {god gift}
 34962 | Spider:3 | Identified the scarf "Caezogo" {rN+ MP+9 SInv} (Okawaru gifted it to you on level 3 of the Spider Nest)
 35432 | Spider:3 | Reached XP level 17. HP: 112/160 MP: 17/17
 35634 | Spider:3 | Reached skill level 18 in Shields
 35837 | Spider:4 | Entered Level 4 of the Spider Nest
 36770 | Spider:4 | Received a gift from Okawaru
 37601 | Spider:4 | Noticed Arachne
 37630 | Spider:4 | Killed Arachne
 37659 | Spider:4 | Received a gift from Okawaru
 38127 | Spider:4 | HP: 5/162 [spark wasp (12)]
 39048 | Spider:4 | Got a gossamer rune of Zot
 39983 | Swamp:3  | Noticed Nikola
 40111 | Swamp:2  | Killed Nikola
 40111 | Swamp:2  | Received a gift from Okawaru
 40457 | Swamp:3  | Reached skill level 19 in Shields
 40811 | Swamp:3  | Reached XP level 18. HP: 165/171 MP: 18/18
 40990 | Swamp:4  | Entered Level 4 of the Swamp
 41114 | Swamp:4  | Paralysed by a hornet for 3 turns
 41442 | Swamp:4  | Noticed the 27-headed Lernaean hydra
 41450 | Swamp:4  | Killed the 24-headed Lernaean hydra
 41483 | Swamp:4  | Received a gift from Okawaru
 42419 | Swamp:4  | Got a decaying rune of Zot
 43071 | Vaults:1 | Entered Level 1 of the Vaults
 44155 | Vaults:1 | Received a gift from Okawaru
 44165 | Vaults:1 | Got a pair of shimmering boots {god gift}
 44189 | Vaults:1 | Identified the +1 pair of boots "Gatesm" {+Blink +Fly rN++ Int-4} (Okawaru gifted it to you on level 1 of the Vaults)
 44370 | Vaults:1 | Reached skill level 20 in Shields
 45589 | Elf:1    | Entered Level 1 of the Elven Halls
 45599 | Elf:1    | Noticed Louise
 45623 | Elf:1    | Killed Louise
 45817 | Elf:1    | Got an ancient scale mail
 45886 | Elf:1    | Reached XP level 19. HP: 149/182 MP: 6/19
 46405 | Elf:1    | Noticed Agnes
 46408 | Elf:1    | Noticed Asterion
 46417 | Elf:1    | Killed Agnes
 46430 | Elf:1    | Killed Asterion
 46430 | Elf:1    | HP: 5/183 [deep elf mage/bolt of magma (25)]
 47199 | Elf:2    | Received a gift from Okawaru
 47262 | Elf:2    | Got a dazzling long sword {god gift}
 47263 | Elf:2    | Identified the +7 long sword of Discord {drain, Str+4 Int+2} (Okawaru gifted it to you on level 2 of the Elven Halls)
 47445 | Elf:2    | Noticed Aizul
 47456 | Elf:2    | Killed Aizul
 47697 | Elf:2    | Identified Xashrije's Grimoire of the Escort
 47808 | Elf:2    | Found a huge runed gate.
 47808 | Elf:2    | Found a huge runed gate.
 47808 | Elf:2    | Found a huge runed gate.
 47810 | Elf:2    | Found a huge runed gate.
 47811 | Elf:2    | Found a huge runed gate.
 47875 | Elf:2    | Found Puohoucw's Food Boutique.
 47880 | Elf:2    | Noticed a Brimstone Fiend
 47899 | Elf:2    | Noticed Azrael
 48548 | Elf:2    | Killed Azrael
 48918 | Elf:2    | Received a gift from Okawaru
 48963 | Elf:2    | Noticed Jorgrun
 48975 | Elf:2    | Killed Jorgrun
 49551 | Elf:3    | Entered Level 3 of the Elven Halls
 49842 | Elf:3    | Identified the +4 scale mail of the Distant Future {MR+} (You found it on level 1 of the Elven Halls)
 50374 | Elf:3    | Reached skill level 21 in Shields
 50461 | Elf:3    | Received a gift from Okawaru
 50960 | Elf:3    | Reached XP level 20. HP: 193/193 MP: 20/20
 51016 | Elf:3    | Received a gift from Okawaru
 52530 | Elf:3    | Got a scorched gossamer ring
 52555 | Elf:3    | Got a clouded ruby amulet
 52590 | Elf:3    | Identified the ring "Nadiom" {EV+3 Int+6} (You found it on level 3 of the Elven Halls)
 52593 | Elf:3    | Identified the amulet of Quqa {RegenMP *Contam Dex+3} (You found it on level 3 of the Elven Halls)
 52628 | Elf:3    | Got a smoking amethyst amulet
 52629 | Elf:3    | Identified the amulet "Limolof" {+Rage rPois rF+ Slay-4} (You found it on level 3 of the Elven Halls)
 52638 | Elf:3    | Got a dazzling trident
 52694 | Elf:3    | Got a steaming arbalest
 53125 | Lair:1   | Identified the cursed +3 trident of Symmetry {pierce, rElec rPois rN+ Str-4} (You found it on level 3 of the Elven Halls)
 54286 | Vaults:2 | Received a gift from Okawaru
 54289 | Vaults:2 | Got a pair of crude gloves {god gift}
 54300 | Vaults:2 | Identified the +0 pair of gloves of Exclusion {Str+4 Stlth-} (Okawaru gifted it to you on level 2 of the Vaults)
 54363 | Vaults:2 | Reached skill level 22 in Shields
 55611 | Vaults:3 | Received a gift from Okawaru
 55890 | Vaults:3 | Reached XP level 21. HP: 203/203 MP: 21/21
 56123 | Vaults:3 | Found Xotar's Distillery.
 56131 | Vaults:3 | Bought a potion of heal wounds for 85 gold pieces
 56131 | Vaults:3 | Bought a potion of heal wounds for 85 gold pieces
 56156 | Vaults:3 | Received a gift from Okawaru
 56335 | Vaults:3 | Found a staircase to the Crypt.
 56335 | Vaults:3 | Found an ancient bone altar of Kikubaaqudgha.
 56336 | Vaults:3 | Found a basalt altar of Yredelemnul.
 57561 | Lair:1   | Reached skill level 1 in Throwing
 57561 | Lair:1   | Reached skill level 1 in Unarmed Combat
 57561 | Lair:1   | Reached skill level 1 in Evocations
 57561 | Lair:1   | Reached XP level 22. HP: 213/213 MP: 22/22
 57562 | Lair:1   | Reached skill level 10 in Dodging
 57562 | Lair:1   | Reached skill level 1 in Spellcasting
 57562 | Lair:1   | Reached XP level 23. HP: 220/220 MP: 22/24
 57820 | Vaults:2 | Reached skill level 23 in Shields
 58116 | Vaults:4 | Received a gift from Okawaru
 58119 | Vaults:4 | Got an ancient plate armour {god gift}
 58134 | Vaults:4 | Identified the +8 plate armour of the Dwarven Hall {+Inv rElec MR++ Dex-2} (Okawaru gifted it to you on level 4 of the Vaults)
 58307 | Vaults:4 | Found Jixamos's Antique Armour Emporium.
 58310 | Vaults:4 | Bought a glowing cloak for 240 gold pieces
 58310 | Vaults:4 | Bought a pair of embroidered boots for 240 gold pieces
 58343 | Vaults:4 | Identified a +2 pair of boots of running (You bought it in a shop on level 4 of the Vaults)
 60109 | Vaults:5 | Entered Level 5 of the Vaults
 60118 | Vaults:4 | Received a gift from Okawaru
 60139 | Vaults:4 | Got a bone long sword {god gift}
 60160 | Vaults:4 | Identified the +9 long sword "Pyumm" {flame, rF+ SInv} (Okawaru gifted it to you on level 4 of the Vaults)
 60434 | Vaults:4 | Received a gift from Okawaru
 60903 | Vaults:4 | Received a gift from Okawaru
 60903 | Vaults:4 | Reached skill level 24 in Shields
 60903 | Vaults:4 | Reached XP level 24. HP: 75/231 MP: 24/24
 60906 | Vaults:4 | Got a crystal double sword {god gift}
 60910 | Vaults:4 | Identified the +9 double sword "Killer Klown's Death" {protect, rPois Str+2 Dex+6} (Okawaru gifted it to you on level 4 of the Vaults)
 62018 | Vaults:4 | Received a gift from Okawaru
 62030 | Vaults:4 | Got a pair of warped boots {god gift}
 62044 | Vaults:4 | Identified the +2 pair of boots of Disguise {Regen+ MP+9 Dex-2 Slay+4} (Okawaru gifted it to you on level 4 of the Vaults)
 63678 | Vaults:5 | Reached skill level 25 in Shields
 64205 | Vaults:5 | Got a scorched brass ring
 64208 | Vaults:5 | Got a steaming falchion {flame}
 64209 | Vaults:5 | Identified the cursed +1 falchion "Tuelen" {flame, Dex+5} (You took it off a deep elf high priest on level 5 of the Vaults)
 64225 | Vaults:5 | Received a gift from Okawaru
 64254 | Vaults:5 | Noticed an ancient lich
 64258 | Vaults:5 | Killed an ancient lich
 64590 | Vaults:5 | Noticed an ancient lich
 64596 | Vaults:5 | Killed an ancient lich
 64632 | Vaults:5 | Identified the ring "Gishi" {Wiz rF+ Int+3} (You took it off a deep elf high priest on level 5 of the Vaults)
 64637 | Vaults:5 | Got a twitching pewter amulet
 64643 | Vaults:5 | Identified the amulet of Koidila {RegenMP rC+ Int+2 Dex+2} (You took it off a tengu reaver on level 5 of the Vaults)
 65531 | Vaults:5 | Reached XP level 25. HP: 243/243 MP: 24/24
 65621 | Vaults:5 | Got an iridescent spear {venom}
 65776 | Vaults:5 | Found Kubaorank's Book Boutique.
 65783 | Vaults:5 | Found Usiyz's Gadget Shoppe.
 65788 | Vaults:5 | Found Jucvi's Gadget Boutique.
 65792 | Vaults:5 | Got a silver rune of Zot
 65800 | Vaults:5 | Found Yzoaw's Antique Weapon Shoppe.
 66160 | Vaults:5 | Got a warped hand axe
 66185 | Vaults:5 | Identified the cursed +3 spear "Uqum Lui" {venom, rC+ Int+4 SInv Stlth+} (You took it off a vault sentinel on level 5 of the Vaults)
 66188 | Vaults:5 | Identified the +6 hand axe "Impslayer" {chop, rF- rC+ MP+9} (You found it on level 5 of the Vaults)
 66439 | Depths:1 | Entered Level 1 of the Depths
 66476 | Depths:1 | Noticed Mara
 66483 | Depths:1 | Noticed Peloso's illusion
 66500 | D:15     | Killed Mara
 66500 | D:15     | Received a gift from Okawaru
 67528 | Depths:1 | Received a gift from Okawaru
 67600 | Depths:1 | Found a one-way gate to the infinite horrors of the Abyss.
 68222 | Depths:1 | Found a gateway to a ziggurat.
 68340 | Depths:1 | Reached skill level 26 in Shields
 68389 | Depths:1 | Found Togialon's Quality Used Wands.
 68446 | Depths:1 | Found a gateway to Hell.
 68910 | Depths:2 | Received a gift from Okawaru
 69550 | Depths:2 | Got a warped brass amulet
 69551 | Depths:2 | Identified the amulet "Datiel" {Spirit *Contam Int+7 SInv} (You found it on level 2 of the Depths)
 69570 | Depths:2 | Got an ancient rapier
 70336 | Depths:2 | Reached XP level 26. HP: 214/254 MP: 24/24
 70560 | Depths:2 | Received a gift from Okawaru
 70576 | Depths:2 | Identified the +4 rapier "Dauviomp" {flame, rN+ MP+9 Str-4 Int+7} (You found it on level 2 of the Depths)
 70636 | Depths:2 | Got a crude scale mail
 71105 | Depths:2 | Paralysed by a floating eye for 4 turns
 71734 | Depths:3 | Received a gift from Okawaru
 71952 | Depths:3 | Reached skill level 27 in Shields
 72016 | Depths:3 | Identified Jucill's Handbook of the Entourage
 72395 | Depths:3 | Noticed the Enchantress
 72409 | Depths:3 | Killed the Enchantress
 72432 | Depths:3 | Got faerie dragon scales
 72964 | Depths:3 | Identified the +6 faerie dragon scales {+Fly rC- MR+ rCorr} (You took it off the Enchantress on level 3 of the Depths)
 73551 | Lair:1   | Identified the +3 scale mail of Liqas {rPois rCorr MP+9 Str+2} (You found it on level 2 of the Depths)
 73987 | Slime:1  | Entered Level 1 of the Pits of Slime
 74338 | Slime:1  | Received a gift from Okawaru
 74783 | Slime:2  | Gained mutation: You are resistant to hostile enchantments. (MR+) [a shining eye]
 75654 | Slime:1  | Reached skill level 5 in Stealth
 76067 | Slime:2  | Gained mutation: You are weak. (Str -2) [a shining eye]
 76070 | Slime:2  | Gained mutation: Your magical capacity is low. (-10% MP) [a shining eye]
 76072 | Slime:2  | Gained mutation: Armour fits poorly on your strangely shaped body. [a shining eye]
 76309 | Slime:2  | Gained mutation: Your body sometimes deteriorates upon taking damage. [a shining eye]
 76312 | Slime:2  | Gained mutation: You tend to lose your temper in combat. [a shining eye]
 76314 | Slime:2  | Gained mutation: You expend magic power (3 MP) to strengthen your wands. [a shining eye]
 76746 | Slime:4  | Paralysed by a floating eye for 4 turns
 77286 | Slime:4  | Received a gift from Okawaru
 77521 | Slime:5  | Entered Level 5 of the Pits of Slime
 77575 | Slime:5  | Reached XP level 27. HP: 216/267 MP: 22/22
 77747 | Slime:4  | Paralysed by a floating eye for 4 turns
 77748 | Slime:4  | Mangled by an acid blob

Skill      XL: |  1  2  3  4  5  6  7  8  9 10 11 12 13 14 15 16 17 18 19 20 21 22 23 24 25 26 |
---------------+-------------------------------------------------------------------------------+-----
Shields        | 4 5 6 7 8 10 11 13 14 15 16 17 19 20 21 22 24 25 26 27 | 27.0
Armour         | 4 5 6 8 9 11 12 13 14 15 16 17 18 19 20 21 | 21.5
Fighting       | 4 5 6 7 8 10 11 12 14 15 16 17 19 20 21 22 23 24 25 | 25.6
Long Blades    | 3 5 6 8 10 12 13 14 15 16 17 18 19 20 21 22 23 24 25 | 25.3
Dodging        | 1 2 4 5 6 7 8 9 10 11 | 11.8
Stealth        | 1 2 3 4 5 |  5.5
Invocations    | 1 2 3 |  3.5
Throwing       | 1 |  1.7
Unarmed Combat | 1 |  1.9
Evocations     | 1 2 |  2.0
Spellcasting   | 1 |  1.1

Action                   |  1- 3 |  4- 6 |  7- 9 | 10-12 | 13-15 | 16-18 | 19-21 | 22-24 | 25-27 || total
-------------------------+-------+-------+-------+-------+-------+-------+-------+-------+-------++-------
Melee: Long sword        |    82 |   172 |   408 |   627 |       |       |   765 |   435 |     8 ||  2497
       Headbutt          |    17 |    32 |   104 |   191 |   447 |   522 |   400 |   343 |   511 ||  2567
       Scimitar          |       |       |       |   185 |  1131 |   987 |       |       |       ||  2303
       Demon blade       |       |       |       |       |   352 |    61 |   260 |       |       ||   673
       Triple sword      |       |       |       |       |    16 |       |       |       |       ||    16
       Double sword      |       |       |       |       |       |   462 |    86 |   387 |  1284 ||  2219
Invok: Heroism           |       |       |     2 |     2 |     8 |     6 |     3 |     4 |     3 ||    28
Evoke: Wand              |       |       |       |       |     7 |       |     2 |       |     7 ||    16
  Use: Potion            |       |       |     7 |     3 |     2 |     6 |     7 |     6 |     2 ||    33
       Scroll            |       |       |    10 |    20 |     9 |    12 |    14 |     7 |     4 ||    76
 Stab: Petrifying        |       |       |       |       |     3 |       |       |       |       ||     3
       Distracted        |       |       |       |       |     1 |     1 |       |       |     1 ||     3
       Paralysed         |       |       |       |       |       |       |       |       |     1 ||     1
       Sleeping          |       |       |       |       |       |       |       |       |     6 ||     6
  Eat: Chunk             |     1 |    17 |    14 |    25 |    54 |    42 |    30 |    24 |    25 ||   232
       Fruit             |       |       |       |       |       |     7 |     9 |     2 |     7 ||    25
       Royal jelly       |       |       |       |       |       |       |       |       |     3 ||     3
Armor: Scale mail        |    43 |    91 |   110 |       |    91 |   375 |       |       |       ||   710
       Chain mail        |       |       |    57 |       |       |       |       |       |       ||    57
       Plate armour      |       |       |    26 |   346 |   425 |       |       |   500 |   464 ||  1761
       Crystal plate arm |       |       |       |       |       |   489 |   486 |    13 |       ||   988
       Acid dragon scale |       |       |       |       |       |       |       |       |   186 ||   186
Dodge: Dodged            |    30 |    67 |   129 |   252 |   436 |   775 |   436 |   579 |   693 ||  3397
Block: Shield            |    52 |   119 |   244 |   227 |       |       |       |       |   284 ||   926
       Buckler           |       |       |       |   208 |   605 |   927 |   644 |   743 |   776 ||  3903
       Reflection        |       |       |       |    10 |    48 |    45 |    95 |   117 |    66 ||   381
       Rpst.: Long sword |     6 |    18 |    32 |    46 |       |       |    66 |    63 |       ||   231
       Scimitar          |       |       |       |    15 |    82 |    98 |       |       |       ||   195
       Demon blade       |       |       |       |       |    24 |       |    21 |       |       ||    45
       Double sword      |       |       |       |       |       |    58 |     6 |    46 |   122 ||   232
